 Dungeon Crawl Stone Soup version 0.24.0-123-gd5b16e6ec5 (webtiles) character file.

Game seed: 16277196833479840700, levelgen mode: deterministic

82 AuftragZ the Charmwright (level 4, 0/37 HPs)
             Began as a Draconian Skald on Jan 26, 2020.
             Was an Initiate of Wu Jian.
             Succumbed to a worker ant's poison
             ... on level 2 of the Dungeon.
             The game lasted 00:06:46 (1375 turns).

AuftragZ the Charmwright (Draconian Skald)          Turns: 1375, Time: 00:06:46

Health: 0/37       AC:  6    Str: 15    XL:     4   Next: 21%
Magic:  5/7        EV: 12    Int: 13    God:    Wu Jian [......]
Gold:   72         SH:  0    Dex: 10    Spells: 4/7 levels left

rFire    . . .     SeeInvis .   b - +0 short sword (elec)
rCold    + . .     Gourm    .   (no shield)
rNeg     . . .     Faith    .   (armour unavailable)
rPois    .         Spirit   .   (helmet restricted)
rElec    .         Reflect  .   (no cloak)
rCorr    .         Harm     .   (no gloves)
MR       .....                  f - +0 pair of boots
Stlth    +.........             (no amulet)
HPRegen  0.12/turn              d - ring of protection from cold
MPRegen  0.10/turn              a - ring of flight

@: lethally poisoned (0 -> -2), singing, very slightly contaminated
A: unfitting armour, cold-blooded, AC +5
a: Renounce Religion, Evoke Flight


You were on level 2 of the Dungeon.
You worshipped Wu Jian.
Wu Jian was noncommittal.
You were not hungry.

You visited 1 branch of the dungeon, and saw 2 of its levels.

You collected 72 gold pieces.

Inventory:

Hand Weapons
 b - a +0 short sword of electrocution (weapon)
Armour
 f - a +0 pair of boots (worn)
Jewellery
 a - a ring of flight (right hand)
 d - a ring of protection from cold (left hand)
Comestibles
 c - 2 rations


   Skills:
 + Level 2.6 Fighting
 + Level 1.7 Short Blades
   Level 2.0 Axes
 + Level 2.7 Dodging
 + Level 0.4 Stealth
 + Level 2.3 Spellcasting
 + Level 3.1 Charms


You had 4 spell levels left.
You knew the following spells:

 Your Spells              Type           Power        Failure   Level  Hunger
a - Infusion              Chrm           #...         7%          1    #......
b - Song of Slaying       Chrm           #.......     10%         2    ###....

Your spell library contained the following spells:

 Spells                   Type           Power        Failure   Level  Hunger
 Shroud of Golubria       Chrm/Tloc      #.....       19%         2    ###....
 Regeneration             Chrm/Necr      #.........   36%         3    ###....
 Spectral Weapon          Hex/Chrm       #.......     36%         3    ###....


Dungeon Overview and Level Annotations

Branches:
Dungeon (2/15)

Altars:
Wu Jian


Innate Abilities, Weirdness & Mutations

Your plain brown scales are hard. (AC +5)
You cannot fit into any form of body armour.
You are cold-blooded and may be slowed by cold attacks.


Message History

This spell is slightly dangerous to cast.
Memorise Regeneration, consuming 3 spell levels and leaving 1?
Your memorisation is interrupted.
* * * LOW HITPOINT WARNING * * *
You feel sick.
You aren't carrying any potions.
Blink to where?
Press: ? - help, Dir - move target cursor You are very lightly contaminated with residual magic.
As you read the scroll labeled LIPEVVU EB JAN, it crumbles to dust.
It was a scroll of blinking.
Found a dagger.
Found a stone staircase leading down.
You eat one of the 3 rations.
That ration really hit the spot!
* * * LOW HITPOINT WARNING * * *
You feel sick.
* * * LOW HITPOINT WARNING * * *
You feel sick.
* * * LOW HITPOINT WARNING * * *
You feel sick.
You die...

(. #.# #.# .. #.# #.#
..#####.# #.#
........# #.#
....)...## #.#
......†..###.########
.........#..........##
.........#..)........#
................@....#
........#............#
........#..#.#######.#
........##.#.# #
........##)).#
##########...# #...#
#..>.


There were no monsters in sight!

Vanquished Creatures
  A worker ant (D:2)
  2 adders (D:2)
  A dart slug (D:2)
  4 ball pythons (D:2)
  3 bats
  A giant cockroach (D:1)
  A goblin (D:1)
  6 hobgoblins
  9 kobolds
  3 quokkas (D:2)
  2 frilled lizards (D:2)
  6 rats
39 creatures vanquished.

Notes
Turn   | Place    | Note
-------+----------+-------------------------------------------
     0 | D:1      | AuftragZ the Draconian Skald began the quest for the Orb.
     0 | D:1      | Reached XP level 1. HP: 17/17 MP: 3/3
   387 | D:1      | Reached XP level 2. HP: 22/25 MP: 5/5
   419 | D:1      | Learned a level 2 spell: Song of Slaying
  1005 | D:2      | Reached skill level 3 in Charms
  1005 | D:2      | Reached XP level 3. HP: 30/30 MP: 6/6
  1175 | D:2      | Reached skill level 1 in Short Blades
  1193 | D:2      | Found an ornate altar of the Wu Jian Council.
  1216 | D:2      | Became a worshipper of the Wu Jian Council
  1354 | D:2      | Reached XP level 4. HP: 14/37 MP: 5/7
  1371 | D:2      | HP: 1/37 [poisoned by a worker ant]
  1375 | D:2      | Succumbed to a worker ant's poison

Levels and vault maps discovered:
D:1:      minmay_arrival_jagged, layout_basic, chequers_decorated_corner,
          st_stairs_13
D:2:      layout_basic, nicolae_overflow_crystal_walls, grunt_ministairs_2,
          serial_park_tiny_1

Skill      XL: |  1  2  3 |
---------------+----------+-----
Charms         | 3 |  3.1
Short Blades   | 1 |  1.7
Fighting       | |  2.6
Axes           | |  2.0
Dodging        | |  2.7
Stealth        | |  0.4
Spellcasting   | |  2.3

Action                   |  1- 3 |  4- 6 || total
-------------------------+-------+-------++-------
Melee: Short sword       |    85 |     1 ||    86
       Hand axe          |     6 |       ||     6
       Tailslap          |     8 |       ||     8
 Cast: Song of Slaying   |     1 |     1 ||     2
  Use: Scroll            |     5 |     1 ||     6
       Potion            |     1 |       ||     1
  Eat: Chunk             |     1 |       ||     1
       Ration            |       |     1 ||     1
Armor: Skin              |    57 |       ||    57
Dodge: Dodged            |    74 |       ||    74
